 Dungeon Crawl Stone Soup version 0.29.1-4-g47bece8355 (webtiles) character file.

Game seed: 15739052058246971026

120 ChadusMaximus the Caller (level 4, -5/24 HPs)
             Began as a Deep Elf Summoner on Dec 5, 2022.
             Slain by an iguana (8 damage)
             ... on level 4 of the Dungeon.
             The game lasted 00:06:46 (3304 turns).

ChadusMaximus the Caller (Deep Elf Summoner)        Turns: 3304, Time: 00:06:46

Health: -5/24      AC:  4    Str:  5    XL:     4   Next: 75%
Magic:  12/12      EV: 12    Int: 22    God:
Gold:   113        SH:  0    Dex: 15    Spells: 5/11 levels left

rFire   . . .      SeeInvis .   o - +0 flail
rCold   . . .      Faith    .   (no shield)
rNeg    . . .      Spirit   .   r - +0 leather armour
rPois   .          Reflect  .   (no helmet)
rElec   .          Harm     .   (no cloak)
rCorr   .          Rampage  .   q - +0 pair of gloves
Will    .....                   (no boots)
Stlth   ++........              d - amulet of regeneration
HPRegen 0.88/turn               (no ring)
MPRegen 0.13/turn               (no ring)

@: no status effects
A: no striking features
a: no special abilities


You were on level 4 of the Dungeon.
You visited 1 branch of the dungeon, and saw 4 of its levels.

You collected 113 gold pieces.

Inventory:

Hand Weapons
 o - a +0 flail (weapon)
Armour
 a - a +0 robe
 q - a +0 pair of gloves (worn)
 r - a +0 leather armour (worn)
Jewellery
 d - an amulet of regeneration (around neck)
Wands
 s - a wand of flame (17)
Scrolls
 c - 7 scrolls of identify {unknown}
 e - a scroll of immolation {unknown}
 g - a scroll of silence {unknown}
 h - a scroll of vulnerability {unknown}
 i - a scroll of torment {unknown}
 k - 2 scrolls of blinking {unknown}
 m - a scroll of butterflies {unknown}
 u - a scroll of noise {unknown}
 v - a scroll of poison {unknown}
Potions
 b - a potion of magic
 f - 2 potions of might {unknown}
 j - 2 potions of heal wounds {unknown}
 l - a potion of ambrosia {unknown}
 n - a potion of brilliance {unknown}
 p - a potion of mutation {unknown}
 t - 2 potions of attraction {unknown}


   Skills:
 - Level 2.8 Dodging
 - Level 2.9 Stealth
 + Level 4.4 Spellcasting
 * Level 5.9 Summonings


You had 5 spell levels left.
You knew the following spells:

 Your Spells              Type           Power      Damage    Failure   Level
a - Summon Small Mammal   Summ           100%       N/A       1%          1
b - Call Canine Familiar  Summ           30%        N/A       4%          3
c - Call Imp              Summ           30%        N/A       2%          2

Your spell library contained the following spells:

 Spells                   Type           Power      Damage    Failure   Level
 Summon Guardian Golem    Hex/Summ       17%        N/A       16%         3
 Beastly Appendage        Tmut           8%         N/A       19%         1
 Shock                    Conj/Air       16%        1d4       19%         1
 Wereblood                Tmut           4%         N/A       26%         2
 Conjure Flame            Conj/Fire      4%         6-21      47%         3
 Ignite Poison            Fire/Tmut/Pois 4%         N/A       47%         3
 Portal Projectile        Hex/Tloc       8%         N/A       47%         3
 Spider Form              Tmut/Pois      4%         N/A       47%         3
 Swiftness                Air            4%         N/A       47%         3
 Summon Lightning Spire   Summ/Air       17%        N/A       47%         4
 Airstrike                Air            2%         2d(1-17)  87%         4
 Hailstorm                Conj/Ice       4%         3d4       87%         4
 Ice Form                 Ice/Tmut       4%         N/A       87%         4
 Leda's Liquefaction      Hex/Erth       2%         N/A       87%         4
 Sticky Flame             Conj/Fire      4%         2d3       87%         4
 Simulacrum               Ice/Necr       2%         N/A       100%        6


Dungeon Overview and Level Annotations

Branches:
Dungeon (4/15)
 Temple: D:4-7

Altars:
Nemelex Xobeh


Message History

You miscast Call Canine Familiar.
You are very lightly contaminated with residual magic.
Nothing appears to happen.
Casting: Call Canine Familiar (quite dangerous; 4% risk of failure)
Confirm with . or Enter, or press ? or * to list all spells.
The spell is quite dangerous to miscast (4% risk of failure)!
Continue anyway?
The endoplasm closely misses you.
You hit the endoplasm.
The endoplasm is heavily wounded.
The endoplasm barely misses you.
Your hound bites the endoplasm.
The endoplasm dies!
No target in view!
No target in view!
Your magical contamination has completely faded away.
Your hound disappears in a puff of smoke!
v - a scroll labelled BYAWUO NYMO No target in view!
You open the door.
There is an open door here.
Found a stone staircase leading down.
No target in view!
An iguana comes into view.
The iguana hisses angrily.
You hear an angry hiss.
You closely miss the iguana.
A ball python comes into view.
The iguana bites you.
You closely miss the iguana.
The ball python hisses angrily.
The iguana bites you.
You barely miss the iguana. The iguana bites you. The ball python misses you.
The ball python grabs you. The ball python constricts you.
The iguana bites you!
* * * LOW HITPOINT WARNING * * *
You are too injured to fight recklessly!
You escape the ball python's grasp.
The ball python attacks as you move away!
The ball python bites you but does no damage.
The ball python closely misses you. The iguana attacks as you move away!
The iguana bites you!
You die...

~~~~~~ .....
....## ....####
#......# . #......
....#.S..#
......l@.#
#.######.#
#......#.# .##
##.###........
...# #.# ###.#....
#..# #.#####.# ..
#..# #.....#.#
#..#
.######.#.######..
#..#
........#.........


You could see an iguana and a ball python.

Vanquished Creatures
  An adder (D:3)
  A worm (D:3)
  An endoplasm (D:3)
  2 giant cockroaches (D:3)
  3 hobgoblins (D:3)
  A jackal (D:3)
  A ball python (D:3)
  A kobold (D:3)
11 creatures vanquished.

Vanquished Creatures (collateral kills)
  An orc priest (D:3)
  An iguana (D:4)
  A worm (D:2)
  3 orcs (D:3)
  5 endoplasms
  2 giant cockroaches
  A hobgoblin (D:1)
  7 jackals
  A quokka (D:3)
  4 bats
  3 frilled lizards
  5 kobolds
  A rat (D:2)
35 creatures vanquished.

Grand Total: 46 creatures vanquished

Notes
Turn   | Place    | Note
-------+----------+-------------------------------------------
     0 | D:1      | ChadusMaximus the Deep Elf Summoner began the quest for the
                  | Orb.
     0 | D:1      | Reached XP level 1. HP: 10/10 MP: 6/6
   724 | D:1      | Reached XP level 2. HP: 15/15 MP: 4/8
  1849 | D:3      | Reached XP level 3. HP: 19/19 MP: 10/10
  1853 | D:3      | Learned a level 3 spell: Call Canine Familiar
  1856 | D:3      | Learned a level 2 spell: Call Imp
  2148 | D:3      | Reached skill level 5 in Summonings
  2252 | D:3      | Found a sparkling altar of Nemelex Xobeh.
  2361 | D:3      | Found a faded altar of an unknown god.
  2458 | D:3      | Reached XP level 4. HP: 24/24 MP: 8/12
  3304 | D:4      | Slain by an iguana

Illustrated notes

Levels and vault maps discovered:
D:1:      mrwooster_arrival_statue_2, layout_basic
D:2:      layout_rooms
D:3:      layout_basic, nemelex_diamond_rough_becter,
          shapermc_ecumenical_altar_notcrosses
D:4:      wander_river, layout_basic

Skill      XL: |  1  2  3 |
---------------+----------+-----
Summonings     | 5 |  5.9
Spellcasting   | 4 |  4.4
Dodging        | |  2.8
Stealth        | |  2.9

Action                   |  1- 3 |  4- 6 || total
-------------------------+-------+-------++-------
Melee: Flail             |    34 |    41 ||    75
       Unarmed           |     6 |       ||     6
       Punch             |     1 |       ||     1
 Cast: Summon Small Mamm |    49 |     3 ||    52
       Call Canine Famil |     4 |     2 ||     6
       Call Imp          |     1 |     1 ||     2
 Stab: Sleeping          |       |     3 ||     3
Armor: Robe              |    10 |       ||    10
       Leather armour    |    11 |    12 ||    23
Dodge: Dodged            |    76 |    33 ||   109
